 Dungeon Crawl Stone Soup version 0.27-a0-287-gd4424db430 (webtiles) character file.

Game seed: 8900864083382679096

133 kae the Ruffian (level 4, -2/37 HPs)
             Began as a Draconian Transmuter on Feb 8, 2021.
             Killed by divine providence
             ... invoked by an orc priest
              (10 damage)
             ... on level 3 of the Dungeon.
             The game lasted 00:01:15 (3478 turns).

kae the Ruffian (Draconian Transmuter)              Turns: 3478, Time: 00:01:15

Health: -2/37      AC:  6    Str: 13    XL:     4   Next: 94%
Magic:  7/7        EV: 12    Int: 13    God:
Gold:   151        SH:  0    Dex: 12    Spells: 4/8 levels left

rFire    . . .     SeeInvis .     - Unarmed
rCold    . . .     Faith    .   (no shield)
rNeg     . . .     Spirit   .   (armour unavailable)
rPois    .         Reflect  .   (helmet restricted)
rElec    .         Harm     .   p - +0 cloak
rCorr    .         Rampage  .   (no gloves)
Will     .....                  (no boots)
Stlth    +.........             (no amulet)
HPRegen  0.12/turn              (no ring)
MPRegen  0.10/turn              (no ring)

@: no status effects
A: unfitting armour, cold-blooded, AC +5
a: no special abilities


You were on level 3 of the Dungeon.
You visited 1 branch of the dungeon, and saw 3 of its levels.

You collected 151 gold pieces.

Inventory:

Armour
 p - a +0 cloak (worn)
Jewellery
 a - an uncursed ring of willpower {unknown}
 g - a +6 ring of intelligence {unknown}
Scrolls
 b - 3 scrolls of teleportation {unknown}
 e - 7 scrolls of identify {unknown}
 h - 3 scrolls of noise {unknown}
 i - a scroll of fear {unknown}
 j - a scroll of random uselessness {unknown}
 k - 2 scrolls of fog {unknown}
 l - a scroll of enchant armour {unknown}
 m - 2 scrolls of immolation {unknown}
 q - a scroll of magic mapping {unknown}
Potions
 c - 3 potions of attraction {unknown}
 d - a potion of might {unknown}
 f - 2 potions of magic {unknown}
 n - a potion of degeneration {unknown}
 o - a potion of cancellation {unknown}
 r - a potion of lignification {unknown}


   Skills:
 + Level 2.3 Fighting
 + Level 2.2 Dodging
 * Level 4.1 Unarmed Combat
 + Level 2.5 Spellcasting
 + Level 2.6 Transmutations
 * Level 0.8 Poison Magic


You had 4 spell levels left.
You knew the following spells:

 Your Spells              Type           Power        Failure   Level
a - Beastly Appendage     Tmut           16%          9%          1
b - Spider Form           Tmut/Pois      3%           34%         3

Your spell library contained the following spells:

 Spells                   Type           Power        Failure   Level
 Wereblood                Tmut           8%           12%         2
 Ice Form                 Ice/Tmut       5%           80%         4
 Blade Hands              Tmut           4%           92%         5


Dungeon Overview and Level Annotations

Branches:
Dungeon (3/15)

Altars:


Innate Abilities, Weirdness & Mutations

Your plain brown scales are hard. (AC +5)
You cannot fit into any form of body armour.
You are cold-blooded and may be slowed by cold attacks.


Message History

There are monsters nearby!
You hit the orc.
You kill the orc!
The orc barely misses you. The orc misses you. The orc barely misses you.
You barely miss the orc.
The orc priest invokes the aid of Beogh against you.
Beogh smites you! The orc hits you but does no damage.
The orc closely misses you.
There are monsters nearby!
The orc priest calls down the wrath of Beogh upon you.
Beogh smites you!
* * * LOW HITPOINT WARNING * * *
The orc hits you but does no damage. The orc hits you.
* * * LOW HITPOINT WARNING * * *
Your magical contamination has completely faded away.
The orc throws a boomerang.
The boomerang misses you.
The orc priest invokes the aid of Beogh against you.
Beogh smites you!
You die...

#.# #.############
#............#
#.##########.########### #.#
#.##......... #.#
#.##.######## #.#
#.##.#########.# #.#
#.....oooo)....#. ##.# ###
#..#@###......... ...#
...........##.........
...##....####..#.######......
...##....# #..#... ......
..<##....# #..#.... .....
.........# #..#..... .....
.........# #..#..... ....
##.#..##+#### #.... ....
##.##.#.....# #


You could see an orc priest and 3 orcs.

Vanquished Creatures
  Crazy Yiuf (D:2)
  3 adders
  An ooze (D:3)
  4 leopard geckos (D:2)
  2 orcs (D:3)
  6 giant cockroaches
  5 hobgoblins
  2 quokkas (D:2)
  4 ball pythons
  10 bats
  4 frilled lizards
  8 goblins
  15 kobolds
  4 rats
69 creatures vanquished.

Notes
Turn   | Place    | Note
-------+----------+-------------------------------------------
     0 | D:1      | kae the Draconian Transmuter began the quest for the Orb.
     0 | D:1      | Reached XP level 1. HP: 16/16 MP: 3/3
   271 | D:1      | Reached XP level 2. HP: 23/23 MP: 3/5
  1575 | D:2      | Reached XP level 3. HP: 27/28 MP: 4/6
  2465 | D:2      | Found a runed translucent door.
  2466 | D:2      | Noticed Crazy Yiuf
  2648 | D:2      | Reached XP level 4. HP: 36/36 MP: 7/7
  2657 | D:2      | Learned a level 3 spell: Spider Form
  2856 | D:2      | Killed Crazy Yiuf
  2857 | D:2      | Reached skill level 4 in Unarmed Combat
  3478 | D:3      | Killed from afar by an orc priest

Illustrated notes

Levels and vault maps discovered:
D:1:      amcnicky_arrival_choice, layout_loops_corners
D:2:      layout_basic, minmay_distorted, uniq_crazy_yiuf_cottage
D:3:      layout_basic, nzn_hepliaklqana_mist_gate

Skill      XL: |  1  2  3  4 |
---------------+-------------+-----
Dodging        | 2 |  2.2
Fighting       | 2 |  2.3
Unarmed Combat | 4 |  4.1
Spellcasting   | |  2.5
Transmutations | |  2.6
Poison Magic   | |  0.8

Action                   |  1- 3 |  4- 6 || total
-------------------------+-------+-------++-------
Melee: Unarmed           |   137 |    49 ||   186
       Kick              |    15 |     5 ||    20
       Tailslap          |     8 |     4 ||    12
       Headbutt          |     8 |     4 ||    12
 Cast: Beastly Appendage |    23 |    15 ||    38
       Spider Form       |       |     1 ||     1
Armor: Skin              |    57 |    17 ||    74
Dodge: Dodged            |   111 |    42 ||   153

Table legend: (Time is in decaauts)
 A = Elapsed time spent in this place.
 B = Non-inter-level travel time spent in this place.
 C = Inter-level travel time spent in this place.
 D = Time resting spent in this place.
 E = Time spent auto-exploring this place.
 F = Levels seen in this place.
 G = Mean time per level.
                   A        B        C        D        E       F      G
               +--------+--------+--------+--------+--------+-----+--------+
         Total |   3464 |   3336 |    128 |    251 |   2608 |   3 | 1154.7 |
       Dungeon |   3464 |   3336 |    128 |    251 |   2608 |   3 | 1154.7 |
               +--------+--------+--------+--------+--------+-----+--------+

Top non-repeatable levels by time:
     D:2: 1776 daAuts
     D:1: 1254 daAuts
     D:3: 434 daAuts
